Unix NetHack Version 5.0.0-0 post-release - last build Jun 10 2026 00:39:30 (3ee93aec679c4c4259841fe613dc97188e26a321,branch:main).

Game began 2026-06-13 03:55:03, ended 2026-06-13 04:03:33.

DiePARTEI, neutral female human Tourist

                 ------        ---                                -----
                --.--.--      --.----   ----                   ----.|.---
           ---  |......----   |.....-- --..|                ----........----
          --.|  |-........--  |......--|...|                |.|............--
         --..---|..........|----......||.---               --.....---.......--
         |.....|--.........--.......---|.|         ---   ---......| --.......|
         |.....---............--.|.--  |.|      ----.--- |.......--  |......--
         --.............<......|.|--  --.|      |......---......--   --.....---
        ---........-----.......|.|    |..|    ---..............--    --.......|
      ---..........|  --...----|.|    |.--   --................| -----........|
    ---.........|..|  |....|   |.|    |.|    |.............--..---..|......----
    |.........--|.--  |....-- --.|    |.|    --.........----|.........------
   --....--...| |.|  --.....| |..|    |.|     |.........|   --...------
   |...|.--..----.|  |......| |..------.----  ----.....-|  ---.---         ---
   --.---....| |..|  |...|.-- --.%...G@....---------....----...--------  ---.--
    --- --...| --.|  --.----   ---.0---a.........................|.--.---|....|
         |...|  ---   ---        ---- |.......--------..................--...--
        --...|                        |........|     --......................|
        |....|                        --.|..----      -----...--.|.--.>...|.--
        --.---                         ------             --..|--------..----
         ---                                               ----       ----
DiePARTEI the Sightseer     St:11 Dx:9 Co:15 In:16 Wi:8 Ch:17  Neutral
Dlvl:6  $:96 HP:0(27) Pw:8(8) AC:5  Xp:3 T:1202  Burdened

Latest messages:
 The dart misses the gnome.
 The gnome lord misses!
 The gnome swings her thonged club.
 The gnome hits!
 In what direction? 9
 The dart hits the gnome.
 The gnome lord misses!
 The gnome lord hits!
 In what direction? 9
 You kill the gnome!
 Welcome to experience level 3.
 The gnome lord hits!
 You hear crashing rock.
 You have a little trouble lifting a - a +2 dart (at the ready) (33 in total).
 The gnome lord hits!
 The gnome lord picks up a thonged club.
 The gnome lord wields a thonged club!
 The gnome lord secures the tether on the thonged club.
 The gnome lord throws a thonged club!
 A thonged club misses you.
 The thonged club returns to the gnome lord's hand!
 You hear some noises in the distance.
 Your little dog eats a gnome corpse.
 The air crackles around the gnomish wizard.
 The gnome lord throws a thonged club!
 The thonged club hits the gnomish wizard!
 You hear crashing rock.
 The air crackles around the gnomish wizard.
 The gnome lord picks up a thonged club.
 You fall down the stairs.
 What do you want to read? [jkq-syBEF or ?*] j
 As you read the scroll, it disappears.
 A map coalesces in your mind!
 The gnome misses!
 The gnome misses!
 The gnome just misses!
 The gnome hits!
 The gnome hits!
 In what direction? 3
 You kill the gnome!
 The gnome picks up 7 crossbow bolts.
 The gnome hits!
 The gnome wields a morning star!
 In what direction? 6
 You kill the gnome!
 The giant ant bites!
 The giant ant bites!
 You die...
 Do you want your possessions identified? [ynq] (y) y
 Do you want to see your attributes? [ynq] (y) q

Inventory:
 Coins    ('$')
  $ - 96 gold pieces
 Weapons  (')')
  C - 11 +0 silver arrows
  a - 31 +2 darts (at the ready)
  K - 11 cursed -1 darts
 Armor    ('[')
  H - an uncursed +0 orcish helm (being worn)
  J - a cursed -2 pair of levitation boots
  l - an uncursed +0 Hawaiian shirt with a toucan motif (being worn)
  G - an uncursed +0 scale mail (being worn)
 Comestibles  ('%')
  h - an uncursed slime mold
  d - 2 uncursed candy bars labeled "Fruity Oaty"
  f - an uncursed carrot
  I - an uncursed cram ration
  D - 2 uncursed cream pies
  b - 4 uncursed food rations
  x - a cursed food ration
  e - an uncursed fortune cookie
  c - an uncursed tin of french fried goblin meat
 Scrolls  ('?')
  E - an uncursed scroll of blank paper
  r - 3 uncursed scrolls of confuse monster
  y - an uncursed scroll of create monster
  q - an uncursed scroll of enchant weapon
  k - a blessed scroll of magic mapping
  j - an uncursed scroll of magic mapping
  B - 2 uncursed scrolls of scare monster
 Spellbooks  ('+')
  s - an uncursed spellbook of blank paper
  F - an uncursed spellbook of invisibility
 Potions  ('!')
  p - an uncursed potion of confusion
  z - an uncursed potion of invisibility
  u - a cursed potion of restore ability
  t - a potion of holy water
  w - an uncursed potion of water
 Wands    ('/')
  v - a wand of cold (0:7)
 Tools    ('(')
  n - an uncursed credit card
  m - an expensive camera (0:30)
  o - an uncursed tin opener (wielded)
 Gems/Stones  ('*')
  A - 2 uncursed worthless pieces of yellow glass

DiePARTEI the Tourist's attributes:

Background:
 You were a Sightseer, a level 3 female human Tourist.
 You were neutral, on a mission for The Lady
 who was opposed by Blind Io (lawful) and Offler (chaotic).
 You were right-handed.
 You were in the Gnomish Mines, on level 6.
 You entered the dungeon 1202 turns ago.
 It was nighttime.
 You had 60 experience points, 20 more were needed to attain level 4.

Basics:
 You had 0 out of 27 hit points.
 You had all 8 energy points (spell power).
 Your armor class was 5.
 Your wallet contained 96 zorkmids.
 Autopickup was off.

Final Characteristics:
 Your strength was 11 (limit:18/100).
 Your dexterity was 9 (limit:18).
 Your constitution was 15 (limit:18).
 Your intelligence was 16 (limit:18).
 Your wisdom was 8 (limit:18).
 Your charisma was 17 (limit:18).

Final Status:
 You weren't hungry.
 You were burdened; movement was slightly slowed.
 You were wielding a tin opener.

Final Attributes:
 You were fervently aligned.
 You were warded.
 You are dead.

Miscellaneous:
 You didn't encounter any bones levels.
 Total elapsed playing time was 8 minutes and 30 seconds.

Major events:
 Turn
    1: DiePARTEI the neutral female human Tourist entered the dungeon
 1117: entered the Gnomish Mines
 1149: attained the rank of Sightseer (level 3)
 1202: killed by a giant ant

You didn't know any spells.

Skills:
 Fighting Skills
   bare handed combat [Unskilled]
   two weapon combat  [Unskilled]
   riding             [Unskilled]
 Weapon Skills
   dagger             [Unskilled]
   knife              [Unskilled]
   axe                [Unskilled]
   pick-axe           [Unskilled]
   short sword        [Unskilled]
   broadsword         [Unskilled]
   long sword         [Unskilled]
   two-handed sword   [Unskilled]
   saber              [Unskilled]
   mace               [Unskilled]
   morning star       [Unskilled]
   flail              [Unskilled]
   hammer             [Unskilled]
   quarterstaff       [Unskilled]
   polearms           [Unskilled]
   spear              [Unskilled]
   trident            [Unskilled]
   lance              [Unskilled]
   bow                [Unskilled]
   sling              [Unskilled]
   crossbow           [Unskilled]
   dart               [Basic]
   shuriken           [Unskilled]
   boomerang          [Unskilled]
   whip               [Unskilled]
   unicorn horn       [Unskilled]
 Spellcasting Skills
   divination spells  [Unskilled]
   enchantment spells [Unskilled]
   escape spells      [Unskilled]

Voluntary challenges:
 Character rerolling was not enabled.
 You never hit with a wielded weapon.
 You never genocided any monsters.
 You never polymorphed an object.
 You never changed form.
 You used no wishes.
Achievements:
 You entered the Gnomish Mines.
 You attained the rank of Sightseer.

 The Dungeons of Doom: levels 1 to 5
    Level 1:
    Level 2:
       A fountain.
    Level 3:
    Level 4:
       Stairs down to The Gnomish Mines.
    Level 5:
 The Gnomish Mines: levels 5 to 6
    Level 5:
    Level 6: <- You were here.
       Final resting place for
          you, killed by a giant ant.


Vanquished creatures:
  a large kobold
  a giant rat
  a brown mold
  9 gnomes
  6 jackals
  a goblin
  3 sewer rats
  4 grid bugs
  3 lichens
  3 newts
32 creatures vanquished.

No species were genocided or became extinct.

Game over:
                       ----------
                      /          \
                     /    REST    \
                    /      IN      \
                   /     PEACE      \
                  /                  \
                  |    DiePARTEI     |
                  |      96 Au       |
                  |   killed by a    |
                  |    giant ant     |
                  |                  |
                  |                  |
                  |       2026       |
                 *|     *  *  *      | *
        _________)/\\_//(\/(/\)/\//\/|_)_______

Aloha DiePARTEI the Tourist...

You died in The Gnomish Mines on dungeon level 6 with 550 points,
and 96 pieces of gold, after 1202 moves.
You were level 3 with a maximum of 27 hit points when you died.

